 Dungeon Crawl Stone Soup version 0.24-a0-190-g063869c372 (webtiles) character file.

Game seed: 13236222103946976739

8262 MrRokkomies the Thrower (level 11, -1/119 HPs)
             Began as an Ogre Hunter on Mar 18, 2019.
             Was a Believer of Okawaru.
             Slain by Snorg (12 damage)
             ... on level 10 of the Dungeon.
             The game lasted 00:41:38 (12021 turns).

MrRokkomies the Thrower (Ogre Hunter)              Turns: 12021, Time: 00:41:40

Health: -1/119     AC:  5    Str: 23    XL:     11   Next: 28%
Magic:  0/11       EV: 16    Int: 12    God:    Okawaru [**....]
Gold:   13         SH:  0    Dex: 12    Spells: 10/10 levels left

rFire    + . .     SeeInvis .   a - +3 whip (elec)
rCold    + . .     Gourm    .   (no shield)
rNeg     . . .     Faith    .   m - +1 robe
rPois    .         Spirit   +   (helmet restricted)
rElec    .         Reflect  .   z - +0 cloak
rCorr    .         Harm     .   (gloves unavailable)
MR       +....                  (boots unavailable)
Stlth    +++.......             w - amulet of guardian spirit
HPRegen  0.29/turn              s - ring of protection from fire
MPRegen  0.12/turn              N - ring of protection from cold

@: mighty, heroism
A: large, unfitting armour, tough skin 1
a: Heroism, Renounce Religion


You were on level 10 of the Dungeon.
You worshipped Okawaru.
Okawaru was pleased with you.
You were very hungry.

You visited 2 branches of the dungeon, and saw 11 of its levels.

You collected 585 gold pieces.
You spent 572 gold pieces at shops.

Inventory:

Hand Weapons
 a - a +3 whip of electrocution (weapon)
 b - a +5 blowgun
 d - a +2 dire flail of protection
 C - a +2 flail of holy wrath
 G - a +0 giant spiked club
 M - a +2 morningstar of flaming
Missiles
 e - 2 large rocks
 g - 352 stones
 h - 28 poisoned needles
 y - 5 silver tomahawks
 D - 6 curare-tipped needles
 L - 7 tomahawks (quivered)
Armour
 m - a +1 robe (worn)
 z - a +0 cloak (worn)
Magical Staves
 k - an uncursed staff of earth
Jewellery
 s - a ring of protection from fire (left hand)
 u - a +4 amulet of reflection
 w - an amulet of guardian spirit (around neck)
 K - the ring "Voxyleicra" {*Corrode rF+ rC++ Int+6 Dex-4}
   (You bought it in a shop on level 10 of the Dungeon)

   [ring of intelligence]

   It affects your intelligence (+6).
   It affects your dexterity (-4).
   It protects you from fire.
   It greatly protects you from cold.
   It may corrode you when you take damage.
 N - a ring of protection from cold (right hand)
Wands
 c - a wand of paralysis (20)
 q - a wand of random effects (16)
 A - a wand of polymorph (4)
 F - a wand of scattershot (12)
 J - a wand of acid (3)
Scrolls
 n - 4 scrolls of enchant weapon
 r - 6 scrolls of remove curse
 v - 4 scrolls of enchant armour
 E - 2 scrolls of immolation
 H - a scroll of identify
 I - a scroll of magic mapping
Potions
 j - 2 potions of cancellation
 l - a potion of berserk rage {unknown}
 o - 3 potions of flight {unknown}
 t - a potion of brilliance {unknown}
 x - a potion of lignification
 B - a potion of mutation {unknown}
Comestibles
 f - 19 rations


   Skills:
 - Level 10.4(15.4) Fighting
 + Level 6.9(11.9) Maces & Flails
 * Level 11.5(16.5) Throwing
 * Level 7.2(12.2) Dodging
 - Level 0.6(5.6) Stealth


You had 10 spell levels left.
You didn't know any spells.
Your spell library contained the following spells:

 Spells                   Type           Power        Failure   Level  Hunger
 Corona                   Hex            #......      32%         1    ##.....
 Infusion                 Chrm           #...         32%         1    ##.....
 Ensorcelled Hibernation  Hex/Ice        #.....       45%         2    ###....
 Shroud of Golubria       Chrm/Tloc      #.........   45%         2    ###....
 Song of Slaying          Chrm           #.......     45%         2    ###....
 Confuse                  Hex            #.......     69%         3    ####...
 Dazzling Spray           Conj/Hex       #.....       69%         3    ####...
 Regeneration             Chrm/Necr      #.........   69%         3    ####...
 Spectral Weapon          Hex/Chrm       #.......     69%         3    ####...
 Tukima's Dance           Hex            #.......     69%         3    ####...


Dungeon Overview and Level Annotations

Branches:
Dungeon (10/15)            Temple (1/1) D:5
   Lair: D:8-11         Orc: D:9-12

Altars:
Ashenzari
Cheibriados
Dithmenos
Elyvilon
Fedhas
Gozag
Hepliaklqana
Kikubaaqudgha
Makhleb
Nemelex Xobeh
Okawaru
Qazlal
Ru
Sif Muna
Trog
Uskayaw
Vehumet
Wu Jian
Xom
Yredelemnul
Zin
The Shining One
Beogh

Shops:
D:9 %   D:10 *

Annotations:
D:10 Snorg


Innate Abilities, Weirdness & Mutations

You are too large for most types of armour.
You have tough skin. (AC +1)


Message History

You gain the combat prowess of a mighty hero.
Snorg closely misses you. Snorg claws you. Snorg misses you.
You hear a bark!
You whack Snorg! Lightning courses through Snorg! You punch Snorg!
Snorg is moderately wounded.
You barely miss Snorg.
Snorg is moderately wounded.
Snorg bites you!!
* * * LOW HITPOINT WARNING * * *
Snorg claws you.
* * * LOW HITPOINT WARNING * * *
Snorg barely misses you.
You thrash Snorg!! Lightning courses through Snorg!
Snorg is heavily wounded.
Snorg bites you!
* * * LOW HITPOINT WARNING * * *
Snorg claws you!
* * * LOW HITPOINT WARNING * * *
Snorg claws you!
You die...

..........###.......##
..........'.#.......#
..........#.#.......#
..........#.#.).....#
.......>..#.#.......#
..........#.'.......#
..........###.......#
#######'### #########
#.@..# #T####
#.......# #.......#
'.......'^ .#.......#.
###.......# #.......#
#.......#


You could see Snorg (berserk).

Vanquished Creatures
  Erica (D:10)
  A two-headed ogre (D:8)
  Sonja (D:10)
  Maurice (D:9)
  A troll (D:9)
  A queen bee (D:8)
  Prince Ribbit (D:5)
  A hippogriff (D:9)
  Sigmund (D:5)
  A hungry ghost (D:9)
  Menkaure (D:6)
  Edmund (D:6)
  A hornet zombie (D:10)
  A phantom (D:9)
  6 orc warriors
  A sky beast (D:8)
  4 ogres
  5 centaurs
  A big kobold (D:10)
  2 wyvern zombies
  2 bullfrogs
  2 scorpions
  20 killer bees
  3 howler monkeys
  5 wights (D:6)
  6 crimson imps
  2 quasits
  2 bullfrog zombies
  4 hounds
  2 jellies
  A bullfrog skeleton (D:5)
  9 orc priests
  4 iguanas
  10 orc wizards
  3 worker ants
  A killer bee zombie (D:6)
  2 howler monkey zombies
  A worker ant zombie (D:7)
  A howler monkey skeleton (D:4)
  9 adders
  4 shadow imps
  A white imp (D:6)
  An adder zombie (D:6)
  An adder skeleton (D:6)
  3 worms
  A dart slug (D:2)
  4 leopard geckos
  49 orcs
  A ball python (D:6)
  A giant cockroach (D:1)
  5 goblins
  8 hobgoblins
  4 jackals (D:4)
  17 kobolds
  5 quokkas
  5 bats
  A leopard gecko skeleton (D:6)
  A quokka skeleton (D:5)
  A quokka zombie (D:9)
  A rat (D:3)
236 creatures vanquished.

Notes
Turn   | Place    | Note
-------+----------+-------------------------------------------
     0 | D:1      | MrRokkomies the Ogre Hunter began the quest for the Orb.
     0 | D:1      | Reached XP level 1. HP: 22/22 MP: 1/1
   337 | D:1      | Reached XP level 2. HP: 30/31 MP: 2/2
   662 | D:1      | You fall through a shaft!
  1053 | D:2      | Reached XP level 3. HP: 29/37 MP: 3/3
  1812 | D:2      | Reached XP level 4. HP: 48/48 MP: 4/4
  2099 | D:3      | Reached skill level 1 in Maces & Flails
  2659 | D:3      | Found a faded altar of an unknown god.
  2775 | D:4      | Noticed an ogre
  2781 | D:4      | Reached skill level 5 in Throwing
  2781 | D:4      | Reached XP level 5. HP: 55/55 MP: 5/5
  2788 | D:4      | Killed an ogre
  2788 | D:4      | Reached skill level 5 in Fighting
  2991 | D:4      | Reached XP level 6. HP: 66/66 MP: 6/6
  3586 | D:5      | Entered Level 5 of the Dungeon
  3652 | D:5      | Noticed Sigmund
  3670 | D:5      | Killed Sigmund
  3670 | D:5      | Reached skill level 6 in Throwing
  3670 | D:5      | Reached XP level 7. HP: 50/76 MP: 7/7
  3830 | D:5      | Found a staircase to the Ecumenical Temple.
  3836 | Temple   | Entered the Ecumenical Temple
  4470 | D:5      | Noticed Prince Ribbit
  4487 | D:5      | Killed Prince Ribbit
  4487 | D:5      | Reached skill level 7 in Throwing
  4487 | D:5      | Reached XP level 8. HP: 74/88 MP: 8/8
  5176 | D:6      | Reached skill level 8 in Throwing
  5335 | D:6      | Noticed Menkaure
  5336 | D:6      | Killed Menkaure
  5336 | D:6      | Reached XP level 9. HP: 86/101 MP: 9/9
  5339 | D:6      | Noticed Edmund
  5358 | D:6      | Killed Edmund
  5459 | D:6      | Reached skill level 10 in Fighting
  5968 | D:7      | Reached skill level 9 in Throwing
  6430 | D:7      | Reached skill level 5 in Maces & Flails
  6803 | D:8      | Noticed a two-headed ogre
  6812 | D:8      | HP: 4/102 [two-headed ogre/+2 dire flail of protection
                  | (19)]
  6818 | D:8      | Killed a two-headed ogre
  6818 | D:8      | Reached XP level 10. HP: 6/111 MP: 10/10
  7233 | D:8      | Reached skill level 10 in Throwing
  8094 | D:8      | Reached skill level 5 in Dodging
  8472 | D:8      | Found a deep blue altar of Sif Muna.
  9290 | D:8      | Found an iron altar of Okawaru.
  9291 | D:8      | Found a snail-covered altar of Cheibriados.
  9292 | D:8      | Found a bloodstained altar of Trog.
  9293 | D:8      | Found a sacrificial altar of Ru.
  9294 | D:8      | Found a shattered altar of Ashenzari.
  9295 | D:8      | Found a hazy altar of Hepliaklqana.
  9299 | D:8      | Became a worshipper of Warmaster Okawaru
  9586 | D:9      | Found a shimmering altar of Xom.
  9596 | D:9      | Noticed Maurice
  9599 | D:9      | Found a shimmering altar of Xom.
  9862 | D:9      | Found a shimmering altar of Xom.
  9926 | D:9      | Found Jeham's Food Shoppe.
 10020 | D:9      | Killed Maurice
 10667 | D:9      | Reached skill level 11 in Throwing
 10834 | D:9      | Reached * piety under Okawaru
 10834 | D:9      | Reached XP level 11. HP: 97/119 MP: 7/11
 10910 | D:10     | Entered Level 10 of the Dungeon
 11105 | D:10     | Noticed Sonja
 11115 | D:10     | Killed Sonja
 11432 | D:10     | Found Effy's Assorted Antiques.
 11461 | D:10     | Bought a sparkling wooden ring for 130 gold pieces
 11461 | D:10     | Identified the ring "Voxyleicra" {*Corrode rF+ rC++ Int+6
                  | Dex-4} (You bought it in a shop on level 10 of the Dungeon)
 11463 | D:10     | Bought a runed morningstar for 182 gold pieces
 11463 | D:10     | Bought a tubular bronze ring for 130 gold pieces
 11466 | D:10     | Bought a blackened diamond ring for 130 gold pieces
 11514 | D:10     | Found a roughly hewn altar of Beogh.
 11831 | D:10     | Noticed Erica
 11911 | D:10     | Killed Erica
 11911 | D:10     | Reached ** piety under Okawaru
 12015 | D:10     | Noticed Snorg
 12021 | D:10     | Slain by Snorg

Levels and vault maps discovered:
D:1:      dpeg_arrival_oval, layout_basic, kennysheep_decorative_pillar,
          dk_noncrumbling_4
D:2:      layout_basic
D:3:      layout_loops_cross, first_ration, chequers_ecumenical_altar_lobes
D:4:      layout_basic
D:5:      layout_loops_corners, minmay_temple_entry_tees, uniq_prince_ribbit1,
          uniq_sigmund
D:6:      layout_basic, minmay_fire_ice_demons, uniq_edmund, uniq_menkaure
D:7:      layout_loops_ring
D:8:      layout_basic, kennysheep_little_box, minitemple, david_nohive_1
D:9:      layout_roguey, xom_redecorated, serial_shops, shop, kennysheep_donut,
          uniq_maurice
D:10:     layout_roguey, serial_shops, nicolae_shop_waterfront, special_room
          [special_room_orc], fedhas_altar_fruit_tree, uniq_snorg, uniq_sonja,
          uniq_erica
Temple:   minmay_temple_curvy_branch

Skill      XL: |  1  2  3  4  5  6  7  8  9 10 11 |
---------------+----------------------------------+-----
Fighting       | 3 4 5 6 8 9 10 | 10.4
Maces & Flails | 1 2 3 4 5 6 |  6.9
Throwing       | 5 6 7 8 9 11 | 11.5
Dodging        | 4 6 7 |  7.2
Stealth        | |  0.6

Action                   |  1- 3 |  4- 6 |  7- 9 | 10-12 || total
-------------------------+-------+-------+-------+-------++-------
Melee: Short sword       |    33 |       |       |       ||    33
       Whip              |    57 |    92 |   293 |   343 ||   785
       Giant spiked club |       |       |     3 |       ||     3
       Punch             |       |       |       |     1 ||     1
 Fire: Blowgun           |       |     5 |    12 |    19 ||    36
Throw: Stone             |    29 |    43 |    11 |    35 ||   118
       Large rock        |       |    10 |     8 |    10 ||    28
       Tomahawk          |       |       |    40 |    22 ||    62
       Throwing net      |       |       |     3 |       ||     3
Invok: Heroism           |       |       |       |     1 ||     1
Evoke: Wand              |       |       |       |     1 ||     1
  Use: Scroll            |     6 |     4 |     5 |     6 ||    21
       Potion            |       |     2 |     1 |     7 ||    10
 Stab: Sleeping          |     2 |     1 |     3 |       ||     6
  Eat: Chunk             |     2 |     7 |     9 |    10 ||    28
       Ration            |       |       |       |     2 ||     2
Armor: Robe              |    31 |    34 |    60 |    58 ||   183
       Skin              |       |    34 |       |    10 ||    44
Dodge: Dodged            |    63 |    50 |   109 |   180 ||   402
Block: Other             |       |     9 |    34 |    28 ||    71
       Reflection        |       |       |     1 |     1 ||     2

Table legend:
 A = Non-vault XP
 B = Vault XP
 C = Vault XP percentage of total XP
 D = Non-vault monster count
 E = Vault monster count
 F = Vault count percentage of total count
                 A         B        C        D         E       F
            +---------+---------+-------+---------+---------+-------
      Total |    6999 |    4805 |  40.7 |     189 |      47 |  19.9
            +---------+---------+-------+---------+---------+-------
        D:1 |      16 |       0 |   0.0 |      10 |       0 |   0.0
        D:2 |      68 |       0 |   0.0 |      19 |       0 |   0.0
        D:3 |      61 |       0 |   0.0 |      14 |       0 |   0.0
        D:4 |     348 |       0 |   0.0 |      20 |       0 |   0.0
        D:5 |     752 |     495 |  39.7 |      17 |       2 |  10.5
        D:6 |    1132 |     384 |  25.3 |      34 |       4 |  10.5
        D:7 |     769 |       0 |   0.0 |      24 |       0 |   0.0
        D:8 |    1816 |    1362 |  42.9 |      18 |      18 |  50.0
        D:9 |    1561 |     496 |  24.1 |      19 |       1 |   5.0
       D:10 |     476 |    2068 |  81.3 |      14 |      22 |  61.1
            +---------+---------+-------+---------+---------+-------
